 Dungeon Sprint DCSS version 0.26-a0-835-g8259106e14 (webtiles) character file.

Game seed: 5106139359042923852

182 rocky1 the Magician (level 5, -3/28 HPs)
             Began as a Deep Elf Fire Elementalist on Nov 18, 2020.
             Was a Priest of Cheibriados.
             Slain by a sky beast (5 damage)
             ... in the Dungeon (Sprint VII: "The Pits").
             The game lasted 00:02:59 (455 turns).

rocky1 the Magician (Deep Elf Fire Elementalist)     Turns: 455, Time: 00:03:00

Health: -3/28      AC:  2    Str: 13    XL:     5   Next: 35%
Magic:  9/16       EV: 17    Int: 29    God:    Cheibriados [***...]
Gold:   0          SH:  0    Dex: 23    Spells: 17/18 levels left

rFire    . . .     SeeInvis .   l - +2 quarterstaff
rCold    . . .     Faith    .   (shield currently unavailable)
rNeg     . . .     Spirit   .   a - +0 robe
rPois    .         Reflect  .   (no helmet)
rElec    .         Harm     .   (no cloak)
rCorr    .         Rampage  .   (no gloves)
MR       .....     NoTele   +   (no boots)
Stlth    +++.......             (no amulet)
HPRegen  0.09/turn              (no ring)
MPRegen  0.15/turn              (no ring)

@: very slightly contaminated, invisible (expiring), very slow
A: no striking features
a: Bend Time, Temporal Distortion, Renounce Religion


You were in the Dungeon.
You worshipped Cheibriados.
Cheibriados was most pleased with you.
You visited 1 branch

Inventory:

Hand Weapons
 l - a +2 quarterstaff (weapon)
Armour
 a - a +0 robe (worn)
Scrolls
 h - a scroll of blinking
 i - 3 scrolls of remove curse
 j - 5 scrolls of amnesia
 k - a scroll of summoning
Potions
 b - a potion of invisibility
 c - 6 potions of curing
 d - 5 potions of heal wounds
 e - a potion of haste
 f - 4 potions of magic
 g - 3 potions of berserk rage


   Skills:
 + Level 6.3 Dodging
 - Level 2.6 Stealth
 + Level 7.1 Spellcasting
 + Level 5.2 Conjurations
 + Level 6.5 Fire Magic
 + Level 5.0 Invocations


You had 17 spell levels left.
You knew the following spells:

 Your Spells              Type           Power        Failure   Level
a - Foxfire               Conj/Fire      ####         1%          1

Your spell library contained the following spells:

 Spells                   Type           Power        Failure   Level
 Conjure Flame            Conj/Fire      #####...     1%          3
 Inner Flame              Hex/Fire       ####....     4%          3
 Sticky Flame             Conj/Fire      #####...     4%          4
 Fireball                 Conj/Fire      #####.....   12%         5


Dungeon Overview and Level Annotations

Branches:
Dungeon (1/1)

Altars:
Ashenzari
Cheibriados
Dithmenos
Elyvilon
Fedhas
Gozag
Hepliaklqana
Kikubaaqudgha
Makhleb
Nemelex Xobeh
Okawaru
Qazlal
Ru
Sif Muna
Trog
Uskayaw
Vehumet
Wu Jian
Xom
Yredelemnul
Zin
The Shining One
Beogh
Jiyva
Lugonu


Message History

Your Invocations skill increases to level 5!
Unknown command.
Something hits you but does no damage.
A sky beast appears from thin air!
Reactivating autopickup.
You hit the sky beast but do no damage.
The sky beast is severely wounded.
The sky beast flickers out of sight!
Deactivating autopickup; reactivate with Ctrl-A.
Something hits you. Something shocks you.
* * * LOW HITPOINT WARNING * * *
Something closely misses you.
Okay, then.
Unknown command.
You barely miss something.
You flicker for a moment.
Something hits you.
* * * LOW HITPOINT WARNING * * *
Something shocks you.
You die...

#_________.#
#_________.#
#_______...#######
##########'##.....
#.?(.')))'.##.....
##########.##.....
#(........÷)'.....
#'#####'#####.....
#@#..#...'.##.....
#{#..#...#.#####'#
#.#..#####.##.....
#(#..'†..#.##.....
#)#..)†..÷.##.....
#.#..########...<.
#.#..'[))).##.....
#(#..#[))).##.....
#'###########.....


There were no monsters in sight!

Vanquished Creatures
  A centaur (D)
  A big kobold (D)
  A gnoll (D)
  A river rat (D)
  A leopard gecko (D)
  2 orcs (D)
  2 goblins (D)
  2 jackals (D)
  A kobold (D)
  A rat (D)
13 creatures vanquished.

Vanquished Creatures (others)
  2 jackals (D)
  20 foxfires (D)
22 creatures vanquished.

Grand Total: 35 creatures vanquished

Notes
Turn   | Place    | Note
-------+----------+-------------------------------------------
     0 | D        | rocky1 the Deep Elf Fire Elementalist began the quest for
                  | the Orb.
     0 | D        | Reached XP level 1. HP: 10/10 MP: 6/6
    20 | D        | Found a bloodstained altar of Trog.
    20 | D        | Found a shimmering blue altar of Sif Muna.
    20 | D        | Found a viscous altar of Jiyva.
    20 | D        | Found a hazy altar of Hepliaklqana.
    20 | D        | Found an opulent altar of Gozag.
    21 | D        | Found a glowing golden altar of the Shining One.
    21 | D        | Found a glowing silver altar of Zin.
    21 | D        | Found a basalt altar of Yredelemnul.
    21 | D        | Found a shimmering altar of Xom.
    21 | D        | Found an ornate altar of the Wu Jian Council.
    21 | D        | Found a sacrificial altar of Ru.
    21 | D        | Found a stormy altar of Qazlal.
    21 | D        | Found an iron altar of Okawaru.
    21 | D        | Found a sparkling altar of Nemelex Xobeh.
    21 | D        | Found a burning altar of Makhleb.
    21 | D        | Found a blossoming altar of Fedhas.
    21 | D        | Found a white marble altar of Elyvilon.
    21 | D        | Found a shadowy altar of Dithmenos.
    21 | D        | Found a snail-covered altar of Cheibriados.
    25 | D        | Found a roughly hewn altar of Beogh.
    25 | D        | Found a corrupted altar of Lugonu.
    25 | D        | Found a radiant altar of Vehumet.
    26 | D        | Found a broken altar of Ashenzari.
    26 | D        | Found an ancient bone altar of Kikubaaqudgha.
    26 | D        | Found a hide-covered altar of Uskayaw.
    32 | D        | Became a worshipper of Cheibriados the Contemplative
   110 | D        | Reached * piety under Cheibriados
   111 | D        | Reached skill level 4 in Spellcasting
   111 | D        | Reached skill level 1 in Invocations
   111 | D        | Reached XP level 2. HP: 15/15 MP: 3/9
   288 | D        | Reached ** piety under Cheibriados
   292 | D        | Reached *** piety under Cheibriados
   420 | D        | Noticed a sky beast
   420 | D        | Noticed a centaur
   421 | D        | Noticed a big kobold
   439 | D        | Killed a centaur
   439 | D        | Reached **** piety under Cheibriados
   440 | D        | Reached skill level 5 in Dodging
   440 | D        | Reached skill level 6 in Spellcasting
   440 | D        | Reached skill level 5 in Fire Magic
   440 | D        | Reached XP level 3. HP: 16/19 MP: 9/12
   440 | D        | Reached XP level 4. HP: 20/24 MP: 10/14
   447 | D        | Killed a big kobold
   448 | D        | Reached skill level 5 in Conjurations
   448 | D        | Reached XP level 5. HP: 18/28 MP: 12/16
   451 | D        | Reached skill level 7 in Spellcasting
   451 | D        | Reached skill level 5 in Invocations
   455 | D        | Slain by a sky beast

Illustrated notes

Levels and vault maps discovered:
D:        pitsprint [storerooms_1, entrance_room_1, metal_vault_3, armoury_3,
          mini_pit_1, grid_room_1, main_hall_1, silver_pit, the_coven_2,
          the_vestibule_1, steel_vault_3, golden_pit, hallway_of_sentries,
          crystal_vault_2, iron_vault_4, final_vault]

Skill      XL: |  1  2  3  4  5 |
---------------+----------------+-----
Fire Magic     | 4 5 6 |  6.5
Dodging        | 3 5 6 |  6.3
Spellcasting   | 4 6 7 |  7.1
Conjurations   | 2 4 5 |  5.2
Invocations    | 1 3 4 5 |  5.0
Stealth        | |  2.6

Action                   |  1- 3 |  4- 6 || total
-------------------------+-------+-------++-------
Melee: Unarmed           |     1 |       ||     1
       Quarterstaff      |    16 |    12 ||    28
 Cast: Foxfire           |    13 |       ||    13
Invok: Slouch            |       |     1 ||     1
  Use: Potion            |     2 |       ||     2
 Stab: Invisible         |     3 |     1 ||     4
Armor: Robe              |       |     1 ||     1
Dodge: Dodged            |    29 |     9 ||    38

Table legend: (Time is in decaauts)
 A = Elapsed time spent in this place.
 B = Non-inter-level travel time spent in this place.
 C = Inter-level travel time spent in this place.
 D = Time resting spent in this place.
 E = Time spent auto-exploring this place.
 F = Levels seen in this place.
 G = Mean time per level.
                   A        B        C        D        E       F      G
               +--------+--------+--------+--------+--------+-----+--------+
         Total |    522 |    522 |      0 |    230 |      0 |   1 |  522.0 |
       Dungeon |    522 |    522 |      0 |    230 |      0 |   1 |  522.0 |
               +--------+--------+--------+--------+--------+-----+--------+

Top non-repeatable levels by time:
       D: 522 daAuts
